Map: Proxima Station LE

Players

Nerchio - Winner!

  • Race: Zerg Zerg
  • Spawn Location: 7:00

JonSnow

  • Race: Zerg Zerg
  • Spawn Location: 1:00

Event: WCS Austin 2017

VOD

Have the link to the VOD?

Description

Time

  • Played on: April 29, 2017, 3:07 p.m.
  • Length: 13:21

All games in this series

Show
View Real Time Build Order
Export as new Build Order

Nerchio Zerg - Winner!

Build Orders: Hatch First 

Get SALT Encoding   

  12  0:00  Drone  
  13  0:12  Overlord  
  13  0:17  Drone  
  14  0:31  Drone x2  
  14  0:34  Drone  
  17  0:52  Hatchery  
  17  0:56  Drone  
  17  0:59  Drone  
  18  1:07  Extractor  
  17  1:15  Spawning Pool  
  16  1:19  Drone  
  16  1:22  Drone  
  18  1:28  Drone  
  19  1:39  Drone  
  20  1:52  Hatchery  
  19  1:58  Drone  
  20  2:07  Queen  
  22  2:11  Metabolic Boost  
  22  2:15  Drone  
  23  2:18  Zergling x2  
  24  2:26  Drone  
  24  2:28  Overlord  
  25  2:35  Queen  
  27  2:38  Zergling x2  
  28  2:48  Zergling x8  
  32  2:55  Spine Crawler  
  31  3:02  Zergling x4  
  33  3:05  Zergling x2  
  33  3:06  Zergling x2  
  35  3:13  Zergling x2  
  35  3:15  Queen  
  38  3:20  Overlord  
  38  3:23  Drone  
  38  3:25  Drone  
  40  3:29  Drone  
  40  3:30  Drone  
  42  3:36  Overlord  
  42  3:39  Drone  
  42  3:41  Drone  
  42  3:43  Drone  
  42  3:46  Drone  
  45  3:48  Drone  
  45  3:50  Drone  
  45  3:54  Drone  
  45  3:55  Drone  
  49  3:58  Drone  
  47  4:05  Roach Warren  
  47  4:06  Drone  
  47  4:07  Drone  
  47  4:09  Drone  
  49  4:13  Drone x2  
  49  4:15  Zergling x2  
  46  4:21  Evolution Chamber  
  46  4:23  Evolution Chamber  
  44  4:24  Evolution Chamber  
  44  4:30  Zergling x8  
  47  4:32  Evolution Chamber  
  47  4:33  Evolution Chamber  
  47  4:37  Queen  
  47  4:39  Zergling x2  
  47  4:41  Zergling x2  
  47  4:43  Zergling x2  
  47  4:44  Zergling x2  
  50  4:46  Roach  
  50  4:48  Roach  
  50  4:50  Roach  
  50  4:52  Roach  
  57  4:57  Zergling x4  
  57  4:58  Roach  
  55  5:00  Roach  
  55  5:05  Drone  
  55  5:06  Overlord  
  57  5:11  Evolution Chamber  
  57  5:12  Overlord  
  56  5:20  Overlord  
  56  5:23  Drone  
  56  5:27  Overlord  
  57  5:31  Drone x3  
  57  5:32  Drone x3  
  57  5:34  Drone  
  64  5:37  Drone x2  
  64  5:42  Evolution Chamber  
  65  5:46  Drone  
  65  5:47  Drone x3  
  70  5:51  Roach Warren  
  69  5:58  Lair  
  69  5:59  Drone x3  
  69  6:03  Drone x2  
  69  6:04  Extractor  
  73  6:06  Drone  
  73  6:07  Drone x2  
  73  6:10  Drone x2  
  79  6:11  Drone  
  79  6:20  Drone x3, Zerg Missile Weapons Level 1  
  79  6:22  Drone, Extractor x2  
  81  6:26  Overlord  
  81  6:29  Drone  
  81  6:30  Drone x4  
  86  6:35  Overlord x2  
  86  6:36  Extractor x2  
  84  6:46  Drone x3  
  87  6:50  Roach x2  
  87  6:51  Roach  
  93  6:55  Roach x2  
  93  6:59  Glial Reconstitution  
  97  7:01  Overlord  
  97  7:02  Overseer  
  97  7:05  Overlord x2  
  97  7:07  Drone  
  97  7:08  Drone  
  99  7:14  Zerg Ground Armor Level 1  
  99  7:15  Roach x2  
  103  7:19  Roach x3  
  103  7:20  Roach  
  111  7:23  Drone x2  
  111  7:29  Overlord  
  113  7:33  Roach Warren, Roach x2  
  113  7:34  Roach  
  113  7:36  Roach  
  120  7:37  Roach  
  120  7:39  Roach  
  120  7:41  Roach  
  120  7:42  Roach  
  120  7:43  Roach  
  130  7:45  Roach  
  130  7:47  Overlord  
  130  7:48  Roach  
  130  7:51  Roach  
  136  7:53  Roach x2  
  136  7:56  Roach  
  142  7:58  Overlord  
  142  8:00  Overlord  
  142  8:08  Drone  
  142  8:09  Drone  
  142  8:10  Infestation Pit  
  143  8:15  Zerg Missile Weapons Level 2  
  143  8:28  Zergling x2  
  143  8:29  Zergling x20  
  143  8:31  Overlord  
  154  8:34  Hatchery  
  154  8:41  Roach x4  
  161  8:43  Overlord x2  
  161  8:46  Overlord x2  
  161  8:52  Roach x2  
  161  8:55  Roach  
  150  8:57  Extractor  
  150  8:58  Roach x3  
  150  8:59  Roach  
  134  9:03  Roach  
  134  9:04  Roach  
  134  9:05  Roach  
  134  9:09  Roach x2  
  134  9:12  Roach  
  134  9:13  Roach  
  134  9:16  Roach  
  142  9:17  Roach  
  142  9:19  Roach  
  142  9:21  Roach  
  142  9:23  Roach  
  148  9:26  Roach  
  148  9:29  Roach, Overseer  
  148  9:31  Roach  
  152  9:32  Roach  
  152  9:35  Ravager  
  152  9:36  Ravager x3  
  152  9:37  Ravager, Roach  
  160  9:39  Roach  
  160  9:42  Roach  
  160  9:43  Roach  
  163  9:46  Roach  
  163  9:48  Roach  
  163  9:52  Roach x2  
  169  9:56  Roach x2  
  169  9:57  Ravager x3  
  169  9:59  Infestor  
  175  10:02  Overseer  
  175  10:04  Infestor  
  175  10:06  Infestor  
  181  10:09  Roach  
  181  10:12  Overseer  
  181  10:14  Roach x2  
  187  10:17  Roach  
  187  10:18  Roach x2  
  187  10:20  Roach  
  195  10:23  Drone  
  195  10:24  Drone x2  
  195  10:26  Pneumatized Carapace  
  192  10:44  Overlord x2  
  192  10:47  Ravager x2  
  192  10:52  Hive  
  192  10:54  Overlord  
  192  10:56  Burrow  
  192  11:07  Overlord  
  190  11:18  Roach  
  190  11:32  Roach x2  
  181  11:33  Roach x11  
  181  11:38  Overlord x2  
  195  11:42  Overlord  
  195  11:45  Tunneling Claws  
  192  11:58  Roach  
  192  11:59  Roach x5  
  199  12:05  Roach x2  
  199  12:06  Roach  
  197  12:11  Roach  
  188  12:18  Roach  
  188  12:19  Roach x10  
  188  12:21  Roach x2  
  195  12:26  Roach x2  
  199  12:32  Ravager  
  198  12:53  Roach  
  198  12:54  Roach x4  
  198  12:55  Roach x2  
  198  12:57  Roach x3  
  198  12:59  Roach x2  
Show
View Real Time Build Order
Export as new Build Order

JonSnow Zerg 

Build Orders: Hatch First 

Get SALT Encoding   

  12  0:00  Drone  
  13  0:13  Overlord  
  13  0:17  Drone  
  14  0:31  Drone x2  
  14  0:35  Drone  
  17  0:52  Hatchery  
  17  0:56  Drone  
  17  0:59  Drone  
  18  1:06  Extractor  
  17  1:14  Spawning Pool  
  17  1:17  Drone  
  17  1:20  Drone  
  18  1:28  Overlord  
  18  1:41  Drone  
  20  2:01  Queen, Zergling x4  
  20  2:04  Queen  
  20  2:05  Drone  
  20  2:07  Metabolic Boost  
  26  2:18  Drone x2  
  28  2:23  Drone  
  28  2:26  Drone  
  30  2:35  Drone  
  31  2:37  Queen  
  33  2:44  Overlord  
  33  3:02  Overlord  
  33  3:11  Zergling x2, Hatchery  
  33  3:12  Zergling x8  
  37  3:19  Zergling x2, Baneling Nest  
  38  3:20  Zergling x2  
  38  3:24  Zergling x4  
  40  3:36  Zergling x8  
  46  3:50  Zergling x4  
  46  3:51  Zergling x4  
  47  3:57  Overlord  
  47  4:05  Zergling x4  
  49  4:13  Zergling x4  
  49  4:20  Drone  
  49  4:21  Baneling  
  49  4:22  Baneling  
  49  4:23  Baneling x2  
  49  4:25  Drone  
  49  4:31  Zergling x4  
  49  4:38  Zergling x2  
  49  4:39  Zergling x4  
  49  4:43  Zergling x8  
  51  4:50  Zergling x2  
  49  4:56  Zergling x2  
  46  5:02  Zergling x6  
  48  5:09  Baneling x5  
  48  5:11  Zergling x10  
  48  5:12  Drone x2  
  53  5:15  Drone x2  
  53  5:16  Extractor  
  54  5:23  Drone x2  
  56  5:30  Drone  
  56  5:31  Drone  
  56  5:35  Drone x4  
  56  5:50  Drone x5  
  56  5:51  Roach Warren  
  56  5:52  Evolution Chamber  
  56  5:55  Drone x2  
  61  5:58  Drone  
  61  5:59  Drone  
  63  6:07  Drone x2  
  63  6:10  Lair  
  65  6:14  Extractor  
  64  6:20  Drone  
  64  6:22  Overlord x3  
  65  6:27  Extractor  
  65  6:32  Drone  
  65  6:34  Zerg Missile Weapons Level 1  
  65  6:40  Drone x4  
  65  6:41  Drone  
  65  6:43  Drone  
  65  6:44  Drone  
  65  6:46  Drone, Hatchery  
  72  6:47  Drone  
  72  6:53  Drone x4  
  72  6:54  Drone  
  78  6:57  Drone x2  
  80  7:03  Overlord  
  80  7:04  Drone x4  
  80  7:06  Drone  
  80  7:07  Glial Reconstitution  
  85  7:16  Overlord x3, Unknown, Extractor  
  84  7:23  Spire  
  84  7:25  Extractor  
  84  7:27  Overlord  
  82  7:31  Overseer  
  82  7:35  Roach  
  82  7:36  Roach x5  
  94  7:39  Roach x2  
  98  7:45  Roach x4  
  98  7:51  Overlord x2  
  106  7:56  Roach x3  
  106  7:57  Roach  
  114  8:02  Roach x3  
  114  8:03  Roach  
  122  8:09  Roach x2  
  122  8:10  Hydralisk Den  
  125  8:20  Roach x8  
  141  8:28  Roach x4  
  141  8:29  Roach  
  141  8:31  Overlord x2  
  152  8:38  Zerg Missile Weapons Level 2  
  151  8:51  Roach x9  
  157  8:56  Roach x2  
  157  9:01  Roach x3  
  145  9:06  Roach x3  
  149  9:10  Roach x2  
  149  9:15  Ravager  
  154  9:17  Ravager x2  
  154  9:20  Roach x3  
  154  9:21  Roach  
  164  9:26  Roach  
  164  9:31  Roach x2  
  166  9:32  Roach x3  
  166  9:43  Overlord x2  
  166  9:44  Overlord  
  166  9:45  Overlord  
  164  9:54  Drone x3  
  166  10:01  Drone  
  166  10:04  Ravager x7  
  166  10:06  Roach x3  
  180  10:08  Roach  
  180  10:12  Roach x2  
  180  10:13  Roach  
  188  10:18  Overlord  
  188  10:19  Roach  
  190  10:22  Overseer  
  190  10:23  Overlord  
  190  10:24  Overlord  
  190  10:25  Drone  
  183  10:36  Roach x7  
  183  10:39  Ravager  
  192  10:46  Ravager, Unknown x4  
  192  10:47  Ravager  
  194  11:04  Roach x2  
  198  11:07  Zerg Ground Armor Level 1  
  194  11:19  Roach x13  
  149  11:33  Roach x5  
  149  11:34  Roach x4  
  160  11:41  Roach x5  
  160  11:46  Roach  
  169  11:50  Roach  
  169  11:52  Queen x2  
  173  11:59  Roach x4  
  166  12:09  Roach  
  166  12:10  Roach x6  
  159  12:18  Roach x2  
  159  12:20  Roach  
  147  12:25  Roach x2  
  147  12:26  Roach  
  153  12:30  Roach  
  153  12:36  Roach x3, Extractor  
  154  12:37  Ravager x2  
  154  12:38  Roach  
  154  12:39  Roach x3  
  154  12:40  Ravager x3  
  165  12:44  Extractor  
  165  12:46  Unknown x4  
  162  12:53  Roach  
  162  12:54  Roach x3  
  162  12:58  Roach x3  
Tags
 
Add a new tag
Caveats
  • Supply blocks, unpowered buildings, or Contaminate may cause inaccurate times.
  • Supply counts are checked every 10 seconds.